 Dungeon Crawl Stone Soup version 0.28.0-45-g0d030f2227 (webtiles) character file.

Game seed: 13040046982825491083

35 zeratav the Insei (level 3, 0/23 HPs)
             Began as an Octopode Transmuter on Apr 10, 2022.
             Slain by a jackal (2 damage)
             ... on level 2 of the Dungeon.
             The game lasted 00:01:11 (1002 turns).

zeratav the Insei (Octopode Transmuter)             Turns: 1002, Time: 00:01:11

Health: 0/23       AC:  1    Str:  9    XL:     3   Next: 35%
Magic:  6/6        EV: 13    Int: 15    God:
Gold:   0          SH:  0    Dex: 14    Spells: 5/6 levels left

rFire   . . .      SeeInvis .     - Unarmed
rCold   . . .      Faith    .   (no shield)
rNeg    . . .      Spirit   .   (helmet restricted)
rPois   .          Reflect  .   c - amulet of the acrobat
rElec   .          Harm     .   (no ring)
rCorr   .          Rampage  .   (no ring)
Will    .....                   (no ring)
Stlth   +++.......              (no ring)
HPRegen 0.07/turn               (no ring)
MPRegen 0.10/turn               (no ring)
                                (no ring)
                                (no ring)

@: no status effects
A: almost no armour, amphibious, 8 rings, camouflage 1, gelatinous body 1,
(nimble swimmer 1), tentacles
a: no special abilities


You were on level 2 of the Dungeon.
You visited 1 branch of the dungeon, and saw 2 of its levels.


Innate Abilities, Weirdness & Mutations

You cannot wear most types of armour.
You are amphibious.
You can wear up to eight rings at the same time.
Your skin changes colour to match your surroundings (Stealth+).
Your rubbery body absorbs attacks. (AC +1, EV +1)
((You are camouflaged when in or above water. (Stealth+)))
You have tentacles for arms and can constrict up to eight enemies at once.


   Skills:
 + Level 1.6 Fighting
 + Level 2.3 Dodging
 + Level 1.5 Stealth
 * Level 3.6 Unarmed Combat
 - Level 2.0 Spellcasting
 - Level 2.0 Transmutations


You had 5 spell levels left.
You knew the following spells:

 Your Spells              Type           Power      Damage    Failure   Level
a - Beastly Appendage     Tmut           14%        N/A       10%         1

Your spell library contained the following spells:

 Spells                   Type           Power      Damage    Failure   Level
 Wereblood                Tmut           7%         N/A       14%         2
 Spider Form              Tmut/Pois      4%         N/A       41%         3
 Ice Form                 Ice/Tmut       4%         N/A       82%         4

Inventory:

Jewellery
 c - an amulet of the acrobat (around mantle)
   (You found it on level 1 of the Dungeon)
Scrolls
 a - a scroll of fog {unknown}
 b - 3 scrolls of identify {unknown}
 d - 2 scrolls of noise {unknown}
 f - a scroll of enchant armour {unknown}
 g - a scroll of enchant weapon {unknown}
Potions
 e - a potion of degeneration {unknown}
 h - a potion of ambrosia {unknown}

Dungeon Overview and Level Annotations

Branches:
Dungeon (2/15)

Altars:

.............#
............##...
...........##...
####.#..#####.. #
##.<## ..# #
##..# ..#
#...##.##..#
#...†h).#
###.)#@.#
.!.......#
..........#
.........[#
........./.
......#.....
......#.##.#
....... .#


You could see a jackal.


Message History

You tentacle-slap the hobgoblin. You grab the hobgoblin.
You constrict the hobgoblin, but do no damage.
The hobgoblin barely misses you.
You tentacle-slap the hobgoblin.
You constrict the hobgoblin, but do no damage.
The hobgoblin closely misses you.
You tentacle-slap the hobgoblin but do no damage.
You squeeze the hobgoblin.
You kill the hobgoblin!
The jackal barely misses you.
A jackal comes into view.
You barely miss the jackal.
The jackal barks!
You grab the jackal. You constrict the jackal.
The jackal completely misses you. The jackal closely misses you.
You tentacle-slap the jackal but do no damage.
You constrict the jackal, but do no damage.
The jackal bites you.
You tentacle-slap the jackal.
You squeeze the jackal, but do no damage.
You constrict the jackal. The jackal bites you. x2
The jackal completely misses you.
You tentacle-slap the jackal but do no damage.
You constrict the jackal. The goblin hits you with a +0 club.
The jackal barely misses you. The jackal closely misses you.
You tentacle-slap the jackal but do no damage.
You tentacle-slap the jackal, but do no damage.
You constrict the jackal.
You kill the jackal!
The goblin barely misses you.
HP[-6]
You take 6 damage, and now have 17/23 hp.
MASSIVE DAMAGE!! (PAUSE)
You tentacle-slap the goblin.
You kill the goblin!
The jackal bites you but does no damage.
The jackal closely misses you. The jackal barely misses you.
You barely miss the jackal. Your grab misses the jackal.
Your squeeze misses the jackal. The jackal bites you.
The jackal closely misses you.
The jackal bites you but does no damage.
The jackal closely misses you.
HP[-3]
You take 3 damage, and now have 14/23 hp.
You closely miss the jackal. Your grab misses the jackal.
The jackal closely misses you. x2; The jackal bites you. x2
* * * LOW HITPOINT WARNING * * *
You are too injured to fight recklessly!
You are too injured to fight recklessly!
HP[-3]
You take 3 damage, and now have 11/23 hp.
You are too injured to fight recklessly!
You are too injured to fight recklessly!
You are too injured to fight recklessly!
You are too injured to fight recklessly!
You are too injured to fight recklessly!
You are too injured to fight recklessly!
You are too injured to fight recklessly!
You are too injured to fight recklessly!
You are too injured to fight recklessly!
You are too injured to fight recklessly!
You are too injured to fight recklessly!
You are too injured to fight recklessly!
You are too injured to fight recklessly!
You are too injured to fight recklessly!
You are too injured to fight recklessly!
You are too injured to fight recklessly!
You are too injured to fight recklessly!
You are too injured to fight recklessly!
You are too injured to fight recklessly!
You are too injured to fight recklessly!
You are too injured to fight recklessly!
You tentacle-slap the jackal. You grab the jackal. You squeeze the jackal.
You kill the jackal!
The jackal bites you.
* * * LOW HITPOINT WARNING * * *
The jackal closely misses you.
HP[-3]
You take 3 damage, and now have 8/23 hp.
The jackal misses you. The jackal bites you.
* * * LOW HITPOINT WARNING * * *
HP[-1]
You take 1 damage, and now have 7/23 hp.
You tentacle-slap the jackal. Your grab misses the jackal.
The jackal bites you but does no damage.
The jackal bites you.
* * * LOW HITPOINT WARNING * * *
The jackal bites you.
* * * LOW HITPOINT WARNING * * *
HP[-3]
You take 3 damage, and now have 4/23 hp.
You tentacle-slap the jackal.
You kill the jackal!
The jackal bites you.
* * * LOW HITPOINT WARNING * * *
HP[-2]
You take 2 damage, and now have 2/23 hp.
You tentacle-slap the jackal. You grab the jackal. You constrict the jackal.
The jackal bites you.
You die...

Skill      XL: |  1  2 |
---------------+-------+-----
Stealth        | 1 |  1.5
Fighting       | |  1.6
Dodging        | |  2.3
Unarmed Combat | |  3.6
Spellcasting   | |  2.0
Transmutations | |  2.0

Action                   || total
-------------------------++-------
Melee: Unarmed           ||    61
       Kick              ||    12
       Constrict         ||    16
       Tentacles         ||    10
       Punch             ||     1
 Cast: Beastly Appendage ||    20
 Stab: Sleeping          ||     9
       Distracted        ||     1
Armor: Skin              ||     7
Dodge: Dodged            ||    42

Levels and vault maps discovered:
D:1:      scummos_arrival_simple_fountains, layout_loops_ring
D:2:      layout_rooms

Notes
Turn   | Place    | Note
-------+----------+-------------------------------------------
     0 | D:1      | zeratav the Octopode Transmuter began the quest for the
                  | Orb.
     0 | D:1      | Reached XP level 1. HP: 13/13 MP: 3/3
     0 | D:1      | magus.rc [v1.9.6]
   288 | D:1      | Reached XP level 2. HP: 15/18 MP: 3/5
   290 | D:1      | Reached skill level 1 in Stealth
   619 | D:1      | Reached XP level 3. HP: 23/23 MP: 3/6
  1000 | D:2      | HP: 4/23 [jackal (2)]
  1002 | D:2      | Slain by a jackal

Vanquished Creatures
  3 ball pythons (D:1)
  3 bats (D:1)
  An endoplasm (D:1)
  5 giant cockroaches
  3 goblins
  2 hobgoblins
  7 jackals
  2 frilled lizards (D:1)
  2 kobolds (D:1)
  3 rats (D:1)
31 creatures vanquished.

Table legend:
 A = Non-vault XP
 B = Vault XP
 C = Vault XP percentage of total XP
 D = Non-vault monster count
 E = Vault monster count
 F = Vault count percentage of total count
                 A         B        C        D         E       F
            +---------+---------+-------+---------+---------+-------
      Total |      51 |       0 |   0.0 |      31 |       0 |   0.0
            +---------+---------+-------+---------+---------+-------
        D:1 |      37 |       0 |   0.0 |      24 |       0 |   0.0
        D:2 |      14 |       0 |   0.0 |       7 |       0 |   0.0
            +---------+---------+-------+---------+---------+-------

Illustrated notes

Table legend:
 A = Kills in this place as a percentage of kills in entire the game.
 B = Kills by you in this place as a percentage of kills by you in the entire game.
 C = Kills by friends in this place as a percentage of kills by friends in the entire game.
 D = Other kills in this place as a percentage of other kills in the entire game.
 E = Experience gained in this place as a percentage of experience gained in the entire game.
 F = Experience gained in this place divided by the number of levels of this place that you have seen.
                   A       B       C       D       E      F
               +-------+-------+-------+-------+-------+----------------------
         Total | 100.0 | 100.0 |   N/A |   N/A | 100.0 |  25.5
       Dungeon | 100.0 | 100.0 |   N/A |   N/A | 100.0 |  25.5
               +-------+-------+-------+-------+-------+----------------------

Table legend: (Time is in decaauts)
 A = Elapsed time spent in this place.
 B = Non-inter-level travel time spent in this place.
 C = Inter-level travel time spent in this place.
 D = Time resting spent in this place.
 E = Time spent auto-exploring this place.
 F = Levels seen in this place.
 G = Mean time per level.
                   A        B        C        D        E       F      G
               +--------+--------+--------+--------+--------+-----+--------+
         Total |    998 |    985 |     13 |      0 |    800 |   2 |  499.0 |
       Dungeon |    998 |    985 |     13 |      0 |    800 |   2 |  499.0 |
               +--------+--------+--------+--------+--------+-----+--------+

Top non-repeatable levels by time:
     D:1: 964 daAuts
     D:2: 33 daAuts
